 Dungeon Crawl Stone Soup version 0.26.0-18-gc5c842f807 (webtiles) character file.

Game seed: 6439655113234583974

599 trckry the Vandal (level 7, 0/57 HPs)
             Began as a Ghoul Hunter on Jan 24, 2021.
             Killed by divine providence
             ... invoked by an orc priest
              (13 damage)
             ... on level 5 of the Dungeon.
             The game lasted 00:08:33 (4598 turns).

trckry the Vandal (Ghoul Hunter)                    Turns: 4598, Time: 00:08:34

Health: 0/57       AC: 11    Str: 18    XL:     7   Next: 41%
Magic:  7/7        EV:  9    Int:  6    God:
Gold:   152        SH:  8    Dex:  9    Spells: 6/6 levels left

rFire    + . .     SeeInvis .   b - +0 flail
rCold    + . .     Faith    .   v - +0 kite shield
rNeg     + + +     Spirit   .   i - +1 ring mail {rF+}
rPois    ∞         Reflect  .   x - +1 helmet
rElec    .         Harm     .   z - +2 cloak
rCorr    .         Rampage  .   (no gloves)
Will     .....                  (no boots)
Stlth    +.........             (no amulet)
HPRegen  0.00/turn              (no ring)
MPRegen  0.10/turn              (no ring)

@: no status effects
A: claws 1, cold resistance 1, negative energy resistance 3, inhibited
regeneration, torment resistance, unbreathing
a: no special abilities


You were on level 5 of the Dungeon.
You visited 1 branch of the dungeon, and saw 5 of its levels.

You collected 152 gold pieces.

Inventory:

Hand Weapons
 a - a +2 hunting sling
 b - a +0 flail (weapon)
 r - a +0 flail of protection
Missiles
 d - 29 sling bullets
 g - 79 stones (quivered)
 n - 35 poisoned darts
Armour
 i - a +1 ring mail of fire resistance (worn)
 v - a +0 kite shield (worn)
 x - a +1 helmet (worn)
 z - a +2 cloak (worn)
Wands
 l - a wand of disintegration (16)
Scrolls
 c - a scroll of teleportation
 e - a scroll of enchant weapon
 f - 2 scrolls of identify
 j - 2 scrolls of remove curse
 k - a scroll of fear
 m - a scroll of fog
 p - 3 scrolls of enchant armour
 q - 2 scrolls of amnesia
Potions
 h - a potion of cancellation {unknown}
 o - a potion of curing {unknown}
 w - a potion of invisibility {unknown}


   Skills:
 + Level 3.3 Fighting
 * Level 2.8 Maces & Flails
 * Level 4.8 Slings
 + Level 2.0 Armour
 + Level 2.8 Dodging
 - Level 1.1 Stealth
 + Level 1.6 Shields
 + Level 2.1 Invocations
 + Level 2.1 Evocations


You had 6 spell levels left.
You didn't know any spells.
Your spell library was empty.

Dungeon Overview and Level Annotations

Branches:
Dungeon (5/15)
 Temple: D:4-7

Altars:
Cheibriados
Xom


Innate Abilities, Weirdness & Mutations

You thrive by killing the living.
You are immune to poison.
You have sharp fingernails.
Your flesh is cold resistant. (rC+)
You are immune to negative energy. (rN+++)
You do not regenerate when monsters are visible.
You are immune to unholy pain and torment.
You can survive without breathing.


Message History

You closely miss the orc priest.
The orc priest hits you but does no damage.
You barely miss the orc priest.
The orc priest hits you but does no damage.
The orc priest miscasts a cantrip.
You hit the orc priest but do no damage.
The orc priest hits you but does no damage.
You barely miss the orc priest.
The orc priest hits you but does no damage.
You thump the orc priest!
The orc priest is heavily wounded.
You block the orc priest's attack.
The orc priest invokes the aid of Beogh against you.
Beogh smites you!
* * * LOW HITPOINT WARNING * * *
You hit the orc priest.
The orc priest is almost dead.
The orc priest calls down the wrath of Beogh upon you.
Beogh smites you!
You die...

######### #.......#
#.#####.###
#.#####.#.##
#.##.......#
#.##.##.#.#######
#####.......#........
#((o@....###########.
#.######## #. #.# #.
#(# ## #o# ####


#oo #... #(. #.## #... #.## #..( #.## You could see an orc priest.

Vanquished Creatures
  A phantom (D:5)
  A bullfrog (D:3)
  A scorpion (D:5)
  A jelly (D:5)
  3 orc priests
  An orc wizard (D:3)
  An iguana (D:5)
  4 worker ants
  An adder (D:4)
  An ufetubus (D:5)
  3 worms
  2 dart slugs (D:1)
  6 leopard geckos
  9 orcs
  7 giant cockroaches
  14 hobgoblins
  6 jackals
  8 bats
  3 frilled lizards
  5 goblins
  7 kobolds
  5 rats
90 creatures vanquished.

Notes
Turn   | Place    | Note
-------+----------+-------------------------------------------
     0 | D:1      | trckry the Ghoul Hunter began the quest for the Orb.
     0 | D:1      | Reached XP level 1. HP: 17/17 MP: 0/0
     0 | D:1      | trckry: ??fustib
     0 | D:1      | beem: fustib ~ fusti ~ fustibalus[1/3]: 10/12 base damage
                  | (with stones/sling bullets respectively), 1.4 base delay,
                  | 0.7 mindelay. One-handed. Called a greatsling in 0.18 and
                  | earlier.
     0 | D:1      | trckry: ??fustib[2
     0 | D:1      | beem: fustib ~ fusti ~ fustibalus[2/3]: it looks like a
                  | jockstrap made of brambles
     0 | D:1      | trckry: ??fustib[3
     0 | D:1      | beem: fustib ~ fusti ~ fustibalus[3/3]:
                  | http://www.encasedinsteel.co.uk/2013/05/24/the-mighty-staff
                  | -sling/
   169 | D:1      | Reached XP level 2. HP: 24/24 MP: 1/1
   859 | D:1      | Reached XP level 3. HP: 30/30 MP: 2/2
  1084 | D:1      | Found a glowing golden altar of the Shining One.
  1102 | D:1      | Found a shimmering altar of Xom.
  1102 | D:1      | Found a burning altar of Makhleb.
  1104 | D:1      | Found an ancient bone altar of Kikubaaqudgha.
  1104 | D:1      | Found an ancient bone altar of Kikubaaqudgha.
  1104 | D:1      | Found a blossoming altar of Fedhas.
  1166 | D:2      | Reached skill level 1 in Maces & Flails
  1599 | D:2      | Found a shimmering altar of Xom.
  1650 | D:2      | Reached skill level 4 in Slings
  1846 | D:3      | Reached XP level 4. HP: 37/37 MP: 3/3
  1933 | D:3      | Reached skill level 1 in Armour
  2028 | D:3      | Reached skill level 1 in Evocations
  2080 | D:3      | Reached skill level 1 in Invocations
  2080 | D:3      | Reached XP level 5. HP: 28/42 MP: 4/4
  2282 | D:3      | Found a snail-covered altar of Cheibriados.
  2556 | D:3      | Reached skill level 1 in Shields
  2612 | D:3      | Reached XP level 6. HP: 36/50 MP: 4/6
  4026 | D:5      | Entered Level 5 of the Dungeon
  4334 | D:5      | Reached XP level 7. HP: 56/57 MP: 7/7
  4598 | D:5      | Killed from afar by an orc priest

Illustrated notes

Levels and vault maps discovered:
D:1:      ebering_hopf_link, layout_loops_corners, doesnt_xom_only_xom
D:2:      layout_loops_ring, lemuel_doored_altar
D:3:      layout_basic, cheibriados_altar_1
D:4:      layout_loops_corners
D:5:      layout_loops_cross, basic_altar

Skill      XL: |  1  2  3  4  5  6  7 |
---------------+----------------------+-----
Dodging        | 2 |  2.8
Maces & Flails | 1 2 |  2.8
Slings         | 4 |  4.8
Armour         | 1 2 |  2.0
Evocations     | 1 2 |  2.1
Invocations    | 1 2 |  2.1
Shields        | 1 |  1.6
Fighting       | 3 |  3.3
Stealth        | |  1.1

Action                   |  1- 3 |  4- 6 |  7- 9 || total
-------------------------+-------+-------+-------++-------
Melee: Flail             |       |     2 |     9 ||    11
 Fire: Hunting sling     |   128 |   191 |    57 ||   376
  Use: Scroll            |       |    11 |       ||    11
Armor: Leather armour    |     9 |       |       ||     9
       Ring mail         |    13 |    43 |    20 ||    76
Dodge: Dodged            |    33 |    42 |    18 ||    93
Block: Kite shield       |       |    29 |    24 ||    53
